 Dungeon Crawl Stone Soup version 0.24.0-125-gc4c63601f3 (webtiles) character file.

Game seed: 16327425367791230091, levelgen mode: deterministic

1754 Johnny the Skirmisher (level 9, -6/86 HPs)
             Began as a Naga Berserker on Feb 25, 2020.
             Was a Priest of Trog.
             Mangled by an orc warrior
             ... wielding a +0 hand axe
              (15 damage)
             ... on level 7 of the Dungeon.
             The game lasted 00:06:16 (6331 turns).

Johnny the Skirmisher (Naga Berserker)              Turns: 6331, Time: 00:06:17

Health: -6/86      AC:  9    Str: 22    XL:     9   Next: 6%
Magic:  9/9        EV:  8    Int:  8    God:    Trog [***...]
Gold:   288        SH:  0    Dex: 15    Spells: 8/8 levels left

rFire    . . .     SeeInvis +   m - +0 trident (venom)
rCold    . . .     Gourm    .   (no shield)
rNeg     . . .     Faith    .   r - +0 chain mail
rPois    +         Spirit   .   (no helmet)
rElec    .         Reflect  .   (no cloak)
rCorr    .         Harm     .   h - +0 pair of gloves
MR       +....                  (no barding)
Stlth    ..........             (no amulet)
HPRegen  0.24/turn              g - +4 ring of dexterity
MPRegen  0.11/turn              l - ring of flight

@: berserk cooldown, slowed, invisible, very slow
A: large, see invisible, deformed body, poison resistance, slowness 2, slow
metabolism 1, spit poison 1, AC +3
a: Spit Poison, Berserk, Trog's Hand, Renounce Religion, Evoke Flight


You were on level 7 of the Dungeon.
You worshipped Trog.
Trog was most pleased with you.
You were not hungry.

You visited 1 branch of the dungeon, and saw 7 of its levels.

You collected 288 gold pieces.

Inventory:

Hand Weapons
 m - a +0 trident of venom (weapon)
Armour
 h - a +0 pair of gloves (worn)
 r - a +0 chain mail (worn)
Jewellery
 g - a +4 ring of dexterity (left hand)
 l - a ring of flight (right hand)
 q - a +2 ring of intelligence
Wands
 b - a wand of flame (9)
 u - a wand of polymorph (11)
Scrolls
 f - a scroll of remove curse
 j - 2 scrolls of teleportation
 n - a scroll of enchant armour
 p - 2 scrolls of fear
 s - a scroll of amnesia
Potions
 a - a potion of curing {unknown}
 c - 2 potions of degeneration
 e - a potion of might
 i - 2 potions of magic
 o - 2 potions of agility
 t - a potion of brilliance {unknown}
 v - a potion of mutation {unknown}
Comestibles
 d - 6 rations


   Skills:
 + Level 7.1 Fighting
 + Level 4.2 Armour
 + Level 4.2 Dodging
 + Level 7.1 Unarmed Combat


You had 8 spell levels left.
You didn't know any spells.
Your spell library was empty.

Dungeon Overview and Level Annotations

Branches:
Dungeon (7/15)             Temple (0/1) D:7

Altars:
Cheibriados
Elyvilon
Gozag
Makhleb
Nemelex Xobeh
Qazlal
Ru
Sif Muna
Uskayaw
Vehumet
Wu Jian
Xom
Zin

Shops:
D:4 *

Annotations:
D:7 3 runed translucent doors, jaiteiro's ghost, novice MiFi


Innate Abilities, Weirdness & Mutations

You cannot wear boots.
Your serpentine skin is tough. (AC +3)
You have supernaturally acute eyesight. (SInv)
Armour fits poorly on your strangely shaped body.
Your system is resistant to poisons. (rPois)
You cover ground very slowly.
You have a slow metabolism.
You can spit poison.


Message History

You are too injured to fight recklessly!
You are too injured to fight recklessly!
You are too injured to fight recklessly!
You are too injured to fight recklessly!
You are too injured to fight recklessly!
You are too injured to fight recklessly!
You barely miss the orc warrior.
The orc warrior is lightly wounded.
The orc warrior barely misses you.
The orc warrior hits you with a +0 hand axe.
You barely miss the orc warrior.
The orc warrior is lightly wounded.
The orc warrior hits you with a +0 hand axe!
* * * LOW HITPOINT WARNING * * *
The orc warrior hits you with a +0 hand axe!
* * * LOW HITPOINT WARNING * * *
Unknown command.
You fade into invisibility!
The orc warrior hits you with a +0 hand axe!
You die...

#$. #.# #.#####....
###.. #.# #.# #.... ....
#.# #.# #.... #..
#.###.#####....
#..###..............
#>..[...............
######)#)......#########
.......#)......#
#......@.......#
#......o.......#
#..............#
#..............#
#..............#
#..............#
#............)##
#.............#


You could see an orc warrior.

Vanquished Creatures
  Sigmund (D:2)
  A black bear (D:6)
  An ice beast (D:6)
  An ogre (D:5)
  3 centaurs
  3 bullfrogs
  3 killer bees (D:7)
  5 crimson imps
  An orc priest (D:7)
  A bullfrog skeleton (D:4)
  2 hounds
  Jessica (D:2)
  5 orc wizards
  Terence (D:2)
  3 worker ants
  A worker ant zombie (D:7)
  A howler monkey zombie (D:6)
  A gnoll (D:5)
  8 adders
  An adder zombie (D:5)
  2 worms
  A dart slug (D:3)
  4 leopard geckos
  20 orcs
  4 giant cockroaches
  9 hobgoblins
  4 jackals (D:5)
  6 quokkas
  3 ball pythons
  10 bats
  3 frilled lizards
  7 goblins
  6 kobolds
  A quokka zombie (D:6)
  13 rats
137 creatures vanquished.

Vanquished Creatures (others)
  An adder (D:2)
1 creature vanquished.

Grand Total: 138 creatures vanquished

Notes
Turn   | Place    | Note
-------+----------+-------------------------------------------
     0 | D:1      | Johnny the Naga Berserker began the quest for the Orb.
     0 | D:1      | Reached XP level 1. HP: 21/21 MP: 1/1
   300 | D:1      | Reached XP level 2. HP: 22/28 MP: 2/2
   831 | D:2      | Found a faded altar of an unknown god.
   831 | D:2      | Noticed Jessica
   837 | D:2      | Reached XP level 3. HP: 34/34 MP: 3/3
   840 | D:2      | Killed Jessica
   913 | D:2      | Reached XP level 4. HP: 34/44 MP: 4/4
  1032 | D:2      | Found an ornate altar of the Wu Jian Council.
  1180 | D:2      | Noticed Terence
  1189 | D:2      | Killed Terence
  1214 | D:2      | Found a glowing silver altar of Zin.
  1229 | D:2      | Found a stormy altar of Qazlal.
  1284 | D:2      | Found a shimmering altar of Xom.
  1284 | D:2      | Found a shimmering altar of Xom.
  1292 | D:2      | Found a shimmering altar of Xom.
  1292 | D:2      | Found a shimmering altar of Xom.
  1292 | D:2      | Found a shimmering altar of Xom.
  1293 | D:2      | Found a shimmering altar of Xom.
  1343 | D:2      | Found a sacrificial altar of Ru.
  1392 | D:2      | Found a shimmering blue altar of Sif Muna.
  1399 | D:2      | Found a radiant altar of Vehumet.
  1528 | D:2      | Reached ** piety under Trog
  1617 | D:2      | Noticed Sigmund
  1627 | D:2      | Killed Sigmund
  1627 | D:2      | Reached skill level 5 in Fighting
  1627 | D:2      | Reached skill level 5 in Unarmed Combat
  1627 | D:2      | Reached XP level 5. HP: 52/52 MP: 5/5
  1627 | D:2      | Reached XP level 6. HP: 61/61 MP: 6/6
  2038 | D:3      | Found an opulent altar of Gozag.
  2467 | D:4      | Found Linigugi's Luxury Loot.
  2519 | D:4      | You fall into a shaft and drop 1 floor!
  2519 | D:5      | Entered Level 5 of the Dungeon
  2551 | D:5      | Reached XP level 7. HP: 38/67 MP: 7/7
  3568 | D:4      | Found a burning altar of Makhleb.
  3569 | D:4      | Found a sparkling altar of Nemelex Xobeh.
  3569 | D:4      | Found a white marble altar of Elyvilon.
  3580 | D:4      | Reached XP level 8. HP: 76/76 MP: 8/8
  3589 | D:4      | Reached *** piety under Trog
  3765 | D:4      | Found a snail-covered altar of Cheibriados.
  3766 | D:4      | Found a hide-covered altar of Uskayaw.
  5993 | D:7      | Found a runed translucent gate.
  5994 | D:7      | Found a runed translucent gate.
  5995 | D:7      | Found a runed translucent gate.
  6060 | D:7      | Found a staircase to the Ecumenical Temple.
  6117 | D:7      | Noticed jaiteiro's ghost (novice MiFi)
  6204 | D:7      | Reached XP level 9. HP: 55/86 MP: 9/9
  6331 | D:7      | Mangled by an orc warrior

Levels and vault maps discovered:
D:1:      dpeg_arrival_simpleton_b, layout_rooms
D:2:      layout_loops_cross, nicolae_overflow_quartered_altars,
          grunt_qazlal_clouds, lemuel_round_altar,
          chequers_ecumenical_altar_simple, minmay_misc_feat_hallway,
          xom_redecorated, uniq_jessica, uniq_terence, uniq_sigmund
D:3:      layout_loops_ring, lemuel_crystal_altar
D:4:      layout_loops_ring, grunt_temple_overflow_open, first_ration,
          nicolae_alphabet_shops
D:5:      layout_basic, st_stairs_11
D:6:      layout_layer_cave
D:7:      minmay_klotski, layout_basic, minmay_temple_entry_arrows,
          gammafunk_ghost_icy

Skill      XL: |  1  2  3  4  5  6  7  8 |
---------------+-------------------------+-----
Fighting       | 4 5 6 7 |  7.1
Unarmed Combat | 4 5 6 7 |  7.1
Armour         | 2 3 4 |  4.2
Dodging        | 2 4 |  4.2

Action                   |  1- 3 |  4- 6 |  7- 9 || total
-------------------------+-------+-------+-------++-------
Melee: Unarmed           |    74 |   107 |       ||   181
       Punch             |       |     4 |    10 ||    14
       Trident           |       |    46 |   259 ||   305
Invok: Berserk           |     2 |     4 |     6 ||    12
       Trog's Hand       |       |     2 |     2 ||     4
  Use: Scroll            |       |     4 |     6 ||    10
       Potion            |       |       |     1 ||     1
  Eat: Chunk             |     1 |     8 |     8 ||    17
       Ration            |       |       |     3 ||     3
Armor: Animal skin       |    15 |       |       ||    15
       Ring mail         |     9 |    42 |       ||    51
       Chain mail        |       |    32 |   146 ||   178
Dodge: Dodged            |    59 |    72 |   113 ||   244
